 Dungeon Crawl Stone Soup version 0.17-a0-1910-g4c791fa (webtiles) character file.

220 kae the Covered (level 5, -7/69 HPs)
             Began as a Minotaur Fighter on Sept 25, 2015.
             Killed by divine providence
             ... invoked by an orc priest
              (14 damage)
             ... on level 3 of the Dungeon.
             The game lasted 00:01:42 (1675 turns).

kae the Covered (Minotaur Fighter)                  Turns: 1675, Time: 00:01:42

Health: -7/69      AC: 22    Str: 20    XL:     5   Next: 64%
Magic:  4/4        EV:  2    Int:  6    God:
Gold:   73         SH:  9    Dex: 10    Spells: 0 memorised, 4 levels left

rFire  . . .     SeeInvis .     a - +0 long sword
rCold  . . .     Clarity  .     (armour currently unavailable)
rNeg   + + +     SustAt   .     c - +0 shield
rPois  +         Gourm    .     (helmet currently unavailable)
rElec  .         Spirit   .     (cloak currently unavailable)
rCorr  .         Warding  .     (gloves currently unavailable)
rMut   .         NoTele   +     (boots currently unavailable)
MR     .....                    (no amulet)
Stlth  +.........               (no ring)
                                (no ring)

@: lethally poisoned (-7 -> -10), tree-form, not resistant to hostile
enchantments, very unstealthy
A: (retaliatory headbutt), (horns 0)
a: no special abilities


You were on level 3 of the Dungeon.
You were hungry.
You were a tree.
You visited 1 branch of the dungeon, and saw 3 of its levels.

You collected 73 gold pieces.

Inventory:

Hand weapons
 a - a +0 long sword (weapon)
Armour
 b - a +0 scale mail
 c - a +0 shield (worn)
 f - a +2 ring mail of cold resistance (melded)
Scrolls
 h - 2 scrolls of teleportation {unknown}
 i - 5 scrolls of identify {unknown}
 j - 7 scrolls of remove curse {unknown}
 k - a scroll of enchant weapon {unknown}
 m - a scroll of recharging {unknown}
 n - 3 scrolls of random uselessness {unknown}
 o - a scroll of fog {unknown}
 q - a scroll of amnesia {unknown}
 s - a scroll of magic mapping {unknown}
Comestibles
 e - 4 bread rations
 g - a meat ration


   Skills:
 + Level 4.3 Fighting
 + Level 3.0 Long Blades
 + Level 5.1 Armour
 + Level 2.8 Dodging
 + Level 0.1 Stealth
 + Level 4.9 Shields


You had 4 spell levels left.
You didn't know any spells.

Dungeon Overview and Level Annotations

Branches:
Dungeon (3/15)

Altars:
Cheibriados


Innate Abilities, Weirdness & Mutations

((You reflexively headbutt those who attack you in melee.))
((You have a pair of horns on your head.))


Message History

* * * LOW HITPOINT WARNING * * *
You block the orc priest's attack.
You are too injured to fight recklessly!
You are too injured to fight recklessly!
Unknown command.
You are too injured to fight recklessly!
You are too injured to fight recklessly!
Unknown command.
You are too injured to fight recklessly!
You are too injured to fight recklessly!
You slash the orc priest!
The orc priest is severely wounded.
You feel sick.
You slash the orc priest!
You kill the orc priest!
You feel sick.
The orc priest hits you but does no damage.
The orc priest calls down the wrath of Beogh upon you.
Something smites you!
You die...

... #.###.###.## #
...######.....#
#..# #
#.#......###.###..#
# #........#
#....†.# #
###...######
###.##.# #
#.......# #.##.####
#.#####.# #........
# #.# ###...### #♣#
#....## #)o...$..
#....## #o######.
####.## .o. ###.##
.## #..... ..
..(...... ..
####...## .## #...#
.....#


You could see 2 orc priests and an orc.

Vanquished Creatures
  An orc priest (D:3)
  Robin (D:2)
  4 adders
  6 gnolls (D:2)
  An ooze (D:1)
  A giant gecko (D:1)
  An orc (D:3)
  2 ball pythons (D:2)
  7 bats
  2 giant cockroaches
  7 hobgoblins
  14 jackals
  A giant newt (D:2)
  18 goblins
  4 kobolds
  A quokka (D:3)
  15 rats
86 creatures vanquished.

Notes
Turn   | Place    | Note
--------------------------------------------------------------
     0 | D:1      | kae the Minotaur Fighter began the quest for the Orb.
     0 | D:1      | Reached XP level 1. HP: 19/19 MP: 0/0
    54 | D:1      | Reached skill level 4 in Shields
    58 | D:1      | Reached XP level 2. HP: 20/27 MP: 1/1
   398 | D:1      | Reached XP level 3. HP: 26/33 MP: 2/2
   574 | D:1      | Reached skill level 1 in Dodging
   795 | D:2      | Found a snail-covered altar of Cheibriados.
   851 | D:2      | Reached XP level 4. HP: 10/40 MP: 3/3
  1176 | D:2      | Noticed Robin
  1204 | D:2      | Killed Robin
  1446 | D:2      | Reached XP level 5. HP: 40/46 MP: 4/4
  1452 | D:2      | Reached skill level 5 in Armour
  1675 | D:3      | Killed from afar by an orc priest

Vault maps used:
D:1:      erik_arrival_orb_chamber, serial_bayou, serial_bayou_pond_e,
          serial_bayou_shore_b, serial_bayou_pond_d, serial_bayou_ford_a
D:2:      cheibriados_altar_1, uniq_robin

Action                   |  1- 3 |  4- 6 || total
-------------------------+-------+-------++-------
Melee: Long sword        |   111 |    92 ||   203
  Use: Potion            |       |     5 ||     5
  Eat: Chunk             |       |     2 ||     2
